 Dungeon Crawl Stone Soup version 0.28-a0-1356-g2ad6d04315 (webtiles) character file.

Game seed: 11067255917399660511

149 coconutsonar the Magician (level 5, -3/35 HPs)
             Began as a Djinni Hedge Wizard on Dec 30, 2021.
             Slain by HuGe's ghost (10 damage)
             ... on level 3 of the Dungeon.
             The game lasted 00:13:01 (3381 turns).

coconutsonar the Magician (Djinni Hedge Wizard)     Turns: 3381, Time: 00:13:01

Health: -3/35      AC:  5    Str: 11    XL:     5   Next: 57%
Gold:   93         EV: 12    Int: 15    God:
                   SH:  0    Dex: 13

rFire   + + .      SeeInvis .   a - +0 dagger
rCold   x . .      Faith    .   (no shield)
rNeg    . . .      Spirit   .   f - +0 leather armour
rPois   ∞          Reflect  .   e - +1 helmet
rElec   .          Harm     .   (no cloak)
rCorr   .          Rampage  .   (no gloves)
Will    .....                   (boots unavailable)
Stlth   ++........              (no amulet)
HPRegen 0.11/turn               (no ring)
MPRegen 0.00/turn               (no ring)

@: flying, very slightly contaminated
A: sickness immunity, fire resistance 2, cold vulnerability 1, float, innate
caster, hp casting, extra vitality 1
a: no special abilities


You were on level 3 of the Dungeon.
You visited 1 branch of the dungeon, and saw 3 of its levels.

You collected 93 gold pieces.

Inventory:

Hand Weapons
 a - a +0 dagger (weapon)
Armour
 b - a +0 robe
 c - a +0 hat
 e - a +1 helmet (worn)
 f - a +0 leather armour (worn)
Potions
 d - a potion of ambrosia


   Skills:
 + Level 0.1 Short Blades
 + Level 2.7 Dodging
 + Level 1.9 Stealth
 + Level 4.2 Spellcasting


You couldn't memorise any spells.
You knew the following spells:

 Your Spells              Type           Power      Damage    Failure   Level
a - Magic Dart            Conj           60%        1d6       4%          1
b - Blink                 Tloc           30%        N/A       6%          2
c - Call Imp              Summ           15%        N/A       6%          2
d - Slow                  Hex            60%        N/A       4%          1
e - Conjure Flame         Conj/Fire      15%        6-21      12%         3
f - Mephitic Cloud        Conj/Pois/Air  15%        N/A       12%         3
g - Apportation           Tloc           30%        N/A       4%          1
h - Scorch                Fire           30%        2d7       6%          2
Your spell library was empty.

Dungeon Overview and Level Annotations

Branches:
Dungeon (3/15)

Altars:

Annotations:
D:3 HuGe's ghost, amateur MiBe


Innate Abilities, Weirdness & Mutations

You are immune to sickness and miasma.
You are immune to poison.
Your flesh is very heat resistant. (rF++)
You are vulnerable to cold. (rC-)
You float through the air rather than walking.
You learn spells naturally, not from books.
Your magical power is your life essence.
You have superior vitality. (+4 MHP)


Message History

The stinking cloud engulfs HuGe's ghost but does no damage.
HuGe's ghost is moderately damaged.
The stinking cloud engulfs the ball python but does no damage.
You hear a shout!
The ball python is engulfed in noxious fumes.
The ball python appears confused.
The ball python misses the river rat.
The ball python is engulfed in noxious fumes.
The ball python appears confused.
Aiming: Magic Dart (safe; 4% risk of failure)
Press: ? - help, Q - select action, (/) - cycle Shift-Dir - straight line, f/p - HuGe's ghost
Aim: HuGe's ghost (grey smoke, moderately damaged, 100% to hit)
The magic dart hits HuGe's ghost but does no damage.
HuGe's ghost is moderately damaged.
Aiming: Magic Dart (safe; 4% risk of failure)
Press: ? - help, Q - select action, (/) - cycle Shift-Dir - straight line, f/p - HuGe's ghost
Aim: HuGe's ghost (moderately damaged, 100% to hit)
You miscast Magic Dart.
You are very lightly contaminated with residual magic.
Nothing appears to happen.
The river rat is engulfed in noxious fumes.
The river rat appears confused.
HuGe's ghost hits you!
The ball python bites the river rat but does no damage.
Aiming: Magic Dart (safe; 4% risk of failure)
Press: ? - help, Q - select action, (/) - cycle Shift-Dir - straight line, f/p - HuGe's ghost
Aim: HuGe's ghost (moderately damaged, 100% to hit)
The magic dart hits HuGe's ghost.
HuGe's ghost is moderately damaged.
The river rat bites the ball python!
The ball python is killed!
HuGe's ghost hits you.
It was a potion of magic.
Magic washes over you without effect. HuGe's ghost hits you.
* * * LOW HITPOINT WARNING * * *
As you read the scroll labelled YNEKUAXKYE, it crumbles to dust.
You feel aware of your surroundings.
It was a scroll of magic mapping.
HuGe's ghost hits you but does no damage.
As you read the scroll labelled GAYSYDODYD, it crumbles to dust.
You assume a fearsome visage.
The river rat looks frightened!
HuGe's ghost is unaffected.
It was a scroll of fear.
HuGe's ghost hits you!
You die...

*,,............#,,,,,,,,,,,,,
*,,............#,,,,,,,,,,,,,
#...#..........#,,,,,,,,,,,,,
#...#......r...#,,,**,,,,,,,,
#...######+#†###,,,**,,,,,,,,
#...# *,#.# *,,,**,,,,,,,,
#...# *,#.# *,,,**,,,,,,,,
#...# *<#W# *,,,**,,,,,,,,
#####...########@#
*,,,**,,,,,,,,
....'...'......#.#
*,,,**,,,,,,,,
#.###...#####.##.#
*,,,*****,,,,, #.#
#####...#.##.# *,,,* ******
#.#######.#.#.##.# *,,,*
#.........#.#.##.# *****
###########.#.##.# #.#.##.#
#.#.##.#


You could see HuGe's ghost and a river rat (confused, fleeing).

Vanquished Creatures
  Natasha (D:2)
  A hound skeleton (D:2)
  An adder zombie (D:2)
  An adder skeleton (D:2)
  2 dart slugs (D:2)
  10 ball pythons
  A bat zombie (D:2)
  2 endoplasms (D:1)
  A giant cockroach (D:2)
  4 goblins
  A hobgoblin (D:2)
  3 jackals (D:1)
  5 kobolds
  3 quokkas
  6 bats
  2 frilled lizards (D:1)
  A giant cockroach zombie (D:2)
  2 rats
47 creatures vanquished.

Vanquished Creatures (collateral kills)
  Natasha (twice) (D:2 D:1)
  3 jackals (D:2)
5 creatures vanquished.

Grand Total: 52 creatures vanquished

Notes
Turn   | Place    | Note
-------+----------+-------------------------------------------
     0 | D:1      | coconutsonar the Djinni Hedge Wizard began the quest for
                  | the Orb.
     0 | D:1      | Reached XP level 1. HP: 15/15 MP: 0/0
   303 | D:1      | Reached XP level 2. HP: 17/21 MP: 0/0
   682 | D:1      | Reached skill level 3 in Spellcasting
   723 | D:1      | Reached XP level 3. HP: 20/25 MP: 0/0
   723 | D:1      | Learned a level 1 spell: Apportation
  1407 | D:2      | Noticed Natasha
  1417 | D:2      | Killed Natasha
  1418 | D:2      | Reached XP level 4. HP: 2/31 MP: 0/0
  1462 | D:2      | Noticed Natasha
  1915 | D:2      | Killed Natasha
  1916 | D:2      | Reached XP level 5. HP: 22/35 MP: 0/0
  1916 | D:2      | Learned a level 2 spell: Scorch
  1916 | D:2      | Noticed Natasha
  2364 | D:1      | Killed Natasha
  2365 | D:1      | Reached skill level 4 in Spellcasting
  2953 | D:2      | Found a faded altar of an unknown god.
  3350 | D:3      | Found a runed translucent door.
  3355 | D:3      | Noticed HuGe's ghost (amateur MiBe)
  3381 | D:3      | Slain by HuGe's ghost

Illustrated notes

Levels and vault maps discovered:
D:1:      minmay_arrival_semitransparent, layout_loops_ring,
          minmay_misc_feat_cross
D:2:      layout_loops_ring, serial_undead, serial_undead_e, serial_undead_d,
          serial_undead_a, serial_undead_c, chequers_ecumenical_altar_island,
          hex_large, uniq_natasha
D:3:      layout_basic, ebering_ghost_sewer_f, minmay_strange_pillars

Skill      XL: |  1  2  3  4  5 |
---------------+----------------+-----
Spellcasting   | 3 4 |  4.2
Short Blades   | |  0.1
Dodging        | |  2.7
Stealth        | |  1.9

Action                   |  1- 3 |  4- 6 || total
-------------------------+-------+-------++-------
Melee: Dagger            |       |     9 ||     9
 Cast: Magic Dart        |    75 |    42 ||   117
       Call Imp          |       |     6 ||     6
       Mephitic Cloud    |       |     3 ||     3
  Use: Scroll            |     3 |     3 ||     6
       Potion            |       |     3 ||     3
Armor: Robe              |     5 |     7 ||    12
       Leather armour    |       |     4 ||     4
Dodge: Dodged            |     6 |    17 ||    23

Table legend: (Time is in decaauts)
 A = Elapsed time spent in this place.
 B = Non-inter-level travel time spent in this place.
 C = Inter-level travel time spent in this place.
 D = Time resting spent in this place.
 E = Time spent auto-exploring this place.
 F = Levels seen in this place.
 G = Mean time per level.
                   A        B        C        D        E       F      G
               +--------+--------+--------+--------+--------+-----+--------+
         Total |   3389 |   3351 |     38 |   1196 |   1423 |   3 | 1129.7 |
       Dungeon |   3389 |   3351 |     38 |   1196 |   1423 |   3 | 1129.7 |
               +--------+--------+--------+--------+--------+-----+--------+

Top non-repeatable levels by time:
     D:1: 2042 daAuts
     D:2: 1253 daAuts
     D:3: 93 daAuts
